 Dungeon Crawl Stone Soup version 0.21.1-1-g345015fe64 (webtiles) character file.

634 Jerry the Shield-Bearer (level 7, 0/56 HPs)
             Began as a Formicid Fighter on Feb 21, 2018.
             Succumbed to a scorpion's poison
             ... on level 4 of the Dungeon.
             The game lasted 00:07:51 (3129 turns).

Jerry the Shield-Bearer (Formicid Fighter)          Turns: 3129, Time: 00:07:52

Health: 0/56       AC:  7    Str: 23    XL:     7   Next: 79%
Magic:  7/7        EV:  9    Int:  9    God:
Gold:   192        SH:  0    Dex: 12    Spells: 6/6 levels left

rFire    + . .     SeeInvis +   a - +0 war axe
rCold    + . .     Gourm    .   (no shield)
rNeg     . . .     Faith    .   b - +0 scale mail
rPois    .         Spirit   .   (helmet unavailable)
rElec    .         Reflect  .   p - scarf {rC+ rF+}
rCorr    .         Harm     .   (no gloves)
MR       .....                  (no boots)
Stlth    ..........             (no amulet)
HPRegen  0.18/turn              (no ring)
MPRegen  0.10/turn              (no ring)

@: lethally poisoned (0 -> -19)
A: permanent stasis, dig shafts and tunnels, four strong arms, antennae 3,
hooves 1, agile 1, strong 1
a: Dig, Shaft Self


You were on level 4 of the Dungeon.
You were not hungry.

You visited 1 branch of the dungeon, and saw 4 of its levels.

You collected 192 gold pieces.

Inventory:

Hand Weapons
 a - a +0 war axe (weapon)
Armour
 b - a +0 scale mail (worn)
 c - a +0 shield
 p - a scarf of resistance (worn)
Scrolls
 h - a scroll of remove curse {unknown}
 j - 5 scrolls of teleportation {unknown}
 k - 5 scrolls of identify {unknown}
 l - 2 scrolls of fog {unknown}
 o - 2 scrolls of magic mapping {unknown}
 s - a scroll of fear {unknown}
 t - 3 scrolls of random uselessness {unknown}
Potions
 d - a potion of agility {unknown}
 e - a potion of heal wounds {unknown}
 i - 2 potions of mutation
 m - a potion of ambrosia {unknown}
 n - 2 potions of flight {unknown}
 q - a potion of brilliance {unknown}
 r - a potion of might
Comestibles
 f - 7 rations
 g - a chunk of flesh


   Skills:
 + Level 5.3 Fighting
 + Level 4.3 Axes
 + Level 5.4 Armour
 + Level 6.0 Shields


You had 6 spell levels left.
You didn't know any spells.

Dungeon Overview and Level Annotations

Branches:
Dungeon (4/15)
 Temple: D:4-7

Altars:
Dithmenos
Elyvilon

Shops:
D:4 ?


Innate Abilities, Weirdness & Mutations

You cannot be hasted, slowed, berserked, paralysed or teleported.
You can dig through walls and to a lower floor.
Your four strong arms can wield two-handed weapons with a shield.
You have a pair of large antennae on your head. (SInv)
You have large cloven feet.
You are agile. (Dex +2)
Your muscles are strong. (Str +2)


Message History

The scorpion is almost dead.
You feel sick. The scorpion stings you.
* * * LOW HITPOINT WARNING * * *
You are lethally poisoned!
The scorpion poisons you!
You closely miss the scorpion.
The scorpion is almost dead.
* * * LOW HITPOINT WARNING * * *
You feel sick. The scorpion stings you.
* * * LOW HITPOINT WARNING * * *
The scorpion stings you but does no damage.
You slash the scorpion!
You kill the scorpion!
Your Shields skill increases to level 6!
* * * LOW HITPOINT WARNING * * *
You feel very sick. The jackal barely misses you.
It was a potion of mutation.
You feel extremely strange.
Your feet thicken and deform.
You feel stronger.
You feel agile.
You die...

#####
##...############
##...............#
...∩.....<######.#
.....####.# #.#
.###.# #.# #.# .
#.# #.# #.# ###
### #@# { {{ #h#
#h# #h# { ###.# #
#.hh# ###{ #.###
.....## #h#
h.s.h'.###.#


You could see 5 jackals.

Vanquished Creatures
  Sigmund (D:3)
  A phantom (D:3)
  2 scorpions (D:4)
  An orc priest (D:3)
  An orc wizard (D:3)
  A worker ant (D:3)
  4 gnolls (D:2)
  4 adders
  2 oozes (D:1)
  An adder skeleton (D:2)
  3 worms
  2 dart slugs (D:1)
  3 leopard geckos
  3 orcs (D:3)
  3 bats (D:1)
  6 giant cockroaches
  4 goblins
  11 hobgoblins
  18 jackals
  7 kobolds
  2 quokkas (D:4)
  3 ball pythons
  3 frilled lizards
  A quokka skeleton (D:4)
  7 rats
94 creatures vanquished.

Notes
Turn   | Place    | Note
-------+----------+-------------------------------------------
     0 | D:1      | Jerry the Formicid Fighter began the quest for the Orb.
     0 | D:1      | Reached XP level 1. HP: 18/18 MP: 1/1
    45 | D:1      | Reached XP level 2. HP: 24/24 MP: 2/2
   129 | D:1      | Reached XP level 3. HP: 23/29 MP: 3/3
   198 | D:1      | Reached skill level 4 in Shields
   602 | D:1      | Reached XP level 4. HP: 37/37 MP: 4/4
   748 | D:2      | Found a shadowy altar of Dithmenos.
  1095 | D:2      | Reached XP level 5. HP: 39/42 MP: 5/5
  1462 | D:3      | Noticed Sigmund
  1471 | D:3      | Killed Sigmund
  1471 | D:3      | Reached skill level 5 in Shields
  1471 | D:3      | Reached XP level 6. HP: 45/49 MP: 6/6
  1686 | D:3      | Found a white marble altar of Elyvilon.
  2149 | D:4      | Reached skill level 5 in Armour
  2149 | D:4      | Reached XP level 7. HP: 40/55 MP: 7/7
  2326 | D:3      | Reached skill level 5 in Fighting
  3014 | D:4      | Found Etzom's Magic Scroll Shop.
  3128 | D:4      | Reached skill level 6 in Shields
  3128 | D:4      | HP: 2/56 [poisoned by a scorpion]
  3129 | D:4      | Gained mutation: You have large cloven feet. [potion of mutation]
  3129 | D:4      | Gained mutation: Your muscles are strong. (Str +2) [potion of mutation]
  3129 | D:4      | Gained mutation: You are agile. (Dex +2) [potion of mutation]
  3129 | D:4      | Succumbed to a scorpion's poison

Skill      XL: |  1  2  3  4  5  6  7 |
---------------+----------------------+-----
Shields        | 4 5 6 |  6.0
Armour         | 4 5 |  5.4
Fighting       | 4 5 |  5.3
Axes           | 3 4 |  4.3

Action                   |  1- 3 |  4- 6 |  7- 9 || total
-------------------------+-------+-------+-------++-------
Melee: War axe           |   100 |   181 |    98 ||   379
  Use: Potion            |       |     1 |     1 ||     2
  Eat: Chunk             |       |     5 |     3 ||     8
Armor: Scale mail        |    47 |    76 |    39 ||   162
Dodge: Dodged            |    38 |    95 |    48 ||   181
Block: Shield            |    69 |    60 |       ||   129
